 Dungeon Crawl Stone Soup version 0.30-a0-12-gd8047c6341 (webtiles) character file.

Game seed: 1315591437825244108

29741 Sobieck the Geomancer (level 13, -1/128 HPs)
             Began as an Ogre Earth Elementalist on Aug 23, 2022.
             Was an Elder of Kikubaaqudgha.
             Slain by a six-headed hydra (12 damage)
             ... on level 4 of the Lair of Beasts.
             The game lasted 00:56:11 (21884 turns).

Sobieck the Geomancer (Ogre Earth Elementalist)    Turns: 21884, Time: 00:56:11

Health: -1/128     AC:  9    Str: 12    XL:     13   Next: 47%
Magic:  9/24       EV:  9    Int: 20    God:    Kikubaaqudgha [****..]
Gold:   1071       SH:  0    Dex:  9    Spells: 9/27 levels left

rFire   + . .      SeeInvis .    a - +9 arbalest of Precise Incision {penet, Stlth+, crossbow}
rCold   . . .      Faith    .    (shield currently unavailable)
rNeg    + . .      Spirit   .    Z - +1 robe {rF+}
rPois   +          Reflect  .    z - +2 hat
rElec   +          Harm     .    w - +2 cloak
rCorr   +          Rampage  .    (gloves unavailable)
Will    +....                    (boots unavailable)
Stlth   ++........               (no amulet)
HPRegen 0.31/turn                W - ring of wizardry
MPRegen 0.19/turn                m - ring "Morgh" {rElec rPois rN+ rCorr Str-3}

@: no status effects
A: large, unfitting armour, tough skin 1
a: Renounce Religion, Unearth Wretches


You were on level 4 of the Lair of Beasts.
You worshipped Kikubaaqudgha.
Kikubaaqudgha was greatly pleased with you.
You visited 2 branches of the dungeon, and saw 16 of its levels.
You also visited: Ossuary and Bailey.

You collected 1071 gold pieces.


Innate Abilities, Weirdness & Mutations

You are too large for most types of armour.
You have tough skin. (AC +1)


   Skills:
 + Level 8.4 Fighting
 + Level 5.5 Polearms
 + Level 0.1 Ranged Weapons
 - Level 1.7 Dodging
 - Level 1.4 Stealth
 + Level 7.5 Spellcasting
 - Level 2.0 Conjurations
 * Level 9.1 Necromancy
 - Level 5.0 Transmutations
 - Level 5.0 Fire Magic
 - Level 10.0 Earth Magic
 + Level 9.2 Poison Magic
 + Level 4.5 Evocations


You had 9 spell levels left.
You knew the following spells:

 Your Spells              Type           Power      Damage    Failure   Level
a - Sandblast             Erth           94%        2d19      1%          1
b - Stone Arrow           Conj/Erth      62%        3d10      1%          3
c - Sublimation of Blood  Necr           44%        N/A       1%          2
d - Olgreb's Toxic Radia  Pois           44%        N/A       1%          4
e - Ignite Poison         Fire/Tmut/Pois 33%        N/A       1%          3
f - Borgnjor's Vile Clut  Necr/Erth      22%        N/A       1%          5

Your spell library contained the following spells:

 Spells                   Type           Power      Damage    Failure   Level
 Magic Dart               Conj           60%        1d6       1%          1
 Necrotise                Necr           100%       1d9       1%          1
 Sting                    Tmut/Pois      100%       1d8       1%          1
 Passwall                 Tmut/Erth      30%        N/A       1%          2
 Poisonous Vapours        Pois/Air       50%        N/A       1%          2
 Vampiric Draining        Necr           44%        2d9       1%          3
 Dispel Undead            Necr           44%        3d17      1%          4
 Petrify                  Tmut/Erth      37%        N/A       1%          4
 Conjure Flame            Conj/Fire      21%        6-21      2%          3
 Mephitic Cloud           Conj/Pois/Air  22%        N/A       2%          3
 Agony                    Necr           44%        N/A       2%          5
 Apportation              Tloc           14%        N/A       3%          1
 Corpse Rot               Necr/Pois/Air  31%        N/A       3%          4
 Call Imp                 Summ           7%         N/A       6%          2
 Anguish                  Hex/Necr       12%        N/A       6%          4
 Alistair's Intoxication  Tmut/Pois      23%        N/A       6%          5
 Sticky Flame             Conj/Fire      21%        2d4       9%          4
 Portal Projectile        Hex/Tloc       14%        N/A       11%         3
 Tukima's Dance           Hex            7%         N/A       11%         3
 Blade Hands              Tmut           13%        N/A       13%         5
 Death Channel            Necr           22%        N/A       13%         6
 Passage of Golubria      Tloc           7%         N/A       32%         4
 Freezing Cloud           Conj/Ice/Air   5%         6-21      56%         5
 Simulacrum               Ice/Necr       12%        N/A       61%         6
 Silence                  Hex/Air        3%         N/A       65%         5
 Enfeeble                 Hex            3%         N/A       100%        7
 Lehudib's Crystal Spear  Conj/Erth      15%        10d5      100%        8

Inventory:

Hand Weapons
 a - the +9 arbalest of Precise Incision (weapon) {penet, Stlth+, crossbow}
   (You found it on level 4 of the Lair of Beasts)

   Any ammunition fired by it passes through the targets it hits, potentially
   hitting all targets in its path until it reaches maximum range.
   Stlth:     It makes you more stealthy.
Missiles
 j - 144 stones {throwing}
 o - 13 boomerangs {throwing}
 r - 2 throwing nets {=f!fthrowing}
 I - 4 curare-tipped darts {=fthrowing}
 Q - 22 poisoned darts {throwing}
 T - 2 silver javelins {throwing}
Armour
 c - a scarf of repulsion
   (You found it on level 1 of the Dungeon)
 w - a +2 cloak (worn)
   (You found it on level 4 of the Dungeon)
 z - a +2 hat (worn)
   (You found it on level 8 of the Dungeon)
 B - a +0 kite shield
   (You took it off a gnoll sergeant on level 5 of the Dungeon)
 Z - a +1 robe of fire resistance (worn)
   (You took it off an orc wizard on level 8 of the Dungeon)
Magical Staves
 b - a staff of earth {!astaff}
   (You took it off a centaur on level 10 of the Dungeon)
 i - a staff of poison {!astaff}
   (You found it on level 7 of the Dungeon)
Jewellery
 m - the ring "Morgh" (right hand) {rElec rPois rN+ rCorr Str-3}
   (You found it on level 8 of the Dungeon)

   [ring of positive energy]

   Str:       It affects your strength (-3).
   rElec:     It insulates you from electricity.
   rPois:     It protects you from poison.
   rN:        It protects you from negative energy.
   rCorr:     It protects you from acid and corrosion.
 E - a +4 ring of evasion
   (You found it in an ossuary)
 W - a ring of wizardry (left hand)
   (You found it on level 2 of the Lair of Beasts)
 Y - a ring of ice
   (You took it off Fannar on level 1 of the Lair of Beasts)
Wands
 v - a wand of iceblast (10)
   (You found it on level 1 of the Lair of Beasts)
 O - a wand of light (11)
   (You found it on level 7 of the Dungeon)
 P - a wand of digging (4)
   (You found it on level 7 of the Dungeon)
 R - a wand of mindburst (6)
   (You took it off Joseph on level 1 of the Lair of Beasts)
 U - a wand of flame (11)
   (You found it on level 3 of the Lair of Beasts)
Scrolls
 h - 7 scrolls of enchant armour
 n - 4 scrolls of butterflies
 q - 2 scrolls of vulnerability {!r!r}
 y - 4 scrolls of teleportation {@r4}
 C - 4 scrolls of enchant weapon
 D - 5 scrolls of amnesia
 F - 2 scrolls of summoning
 G - 2 scrolls of immolation {!r!r}
 J - 3 scrolls of noise {!r}
 K - 2 scrolls of poison {!r}
 S - 2 scrolls of magic mapping {!r}
 V - a scroll of fear
 X - 10 scrolls of identify {@r1}
Potions
 d - 2 potions of brilliance
 e - 6 potions of mutation {!q}
 f - 4 potions of lignification {!q}
 g - 2 potions of might
 k - 4 potions of magic
 l - 8 potions of attraction {!q}
 p - 4 potions of cancellation
 s - 3 potions of heal wounds {@q2}
 t - 3 potions of berserk rage {!q}
 u - a potion of resistance
 x - 5 potions of flight
 A - 3 potions of invisibility
 M - 4 potions of curing {@q1}
 N - 5 potions of haste {@q3}

Dungeon Overview and Level Annotations

Branches:
Dungeon (11/15) Zot: 25789  Temple (0/1) D:6            Lair (5/5) D:8 Zot: 22566
 Shoals (0/4) Lair:3       Spider (0/4) Lair:3          Orc (0/2) D:10
Ossuary (visited)          Bailey (visited)
  Slime: Lair:4-5

Altars:
Dithmenos
Hepliaklqana
Kikubaaqudgha
Makhleb
Uskayaw
Wu Jian
Yredelemnul
Zin
The Shining One

Shops:
D:4 ( D:9

*
..........................[......
.....<...........................
P#.###.#...######.#.##...........
#### ######.# ##########...####
######## #######.)# ##....###
..##P#.#####.##....######.#..#.P.
.................................
................D................
................@................
............##.........###.......
#...##.P..###....##.....##...#...
P..####...# #....##.....#....##..
...####...####..P#.....##.....#..
#..##.##..##.P...##....###...##..
#................#.....##P...#...
#.##.######..###.#..###.##.#####.
###### #### ###### ###### ##


You could see a six-headed hydra (clutched).


Message History

The zombie hands release their grip on the cane toad.
The cane toad barely misses you. The cane toad closely misses you.
You shoot a bolt. The bolt pierces through the cane toad!
You kill the cane toad!
Kikubaaqudgha accepts your kill.
Unknown command.
Unknown command.
You start resting.
You start resting.
Unknown command.
You see here a +4 ring mail of fire resistance.
There is a stone staircase leading down here.
Unknown command.
Unknown command.
You climb downwards.
There is a stone staircase leading up here.
Danger!
Unknown command.
Unknown command.
Casting: Borgnjor's Vile Clutch (mildly dangerous; 1% risk of failure)
Confirm with . or Enter, or press ? or * to list all spells.
Aiming: Borgnjor's Vile Clutch (mildly dangerous; 1% risk of failure)
Press: ? - help, Shift-Dir - straight line, f - six-headed hydra
Aim: a six-headed hydra (100% to hit)
Zombie hands grab the six-headed hydra.
The blink frog croaks.
The zombie hands constrict the six-headed hydra.
The six-headed hydra struggles to escape constriction.
Casting: Borgnjor's Vile Clutch (mildly dangerous; 1% risk of failure)
Confirm with . or Enter, or press ? or * to list all spells.
You don't know that spell.
You shoot a bolt.
The bolt pierces through the six-headed hydra.
The zombie hands constrict the six-headed hydra!!
The six-headed hydra struggles to escape constriction.
The blink frog blinks!
The six-headed hydra struggles to escape constriction.
You shoot a bolt.
The bolt pierces through the blink frog!!
The zombie hands constrict the six-headed hydra!
The blink frog blinks! x2; The six-headed hydra escapes!
You shoot a bolt. The blink frog croaks.
The bolt pierces through the six-headed hydra!!
The blink frog blinks!
Casting: Borgnjor's Vile Clutch (mildly dangerous; 1% risk of failure)
Confirm with . or Enter, or press ? or * to list all spells.
You ignite the poison in your surroundings!
The blink frog croaks.
The six-headed hydra bites you! The six-headed hydra bites you.
The six-headed hydra bites you! The six-headed hydra bites you.
The six-headed hydra bites you! x2
The six-headed hydra bites you!
The six-headed hydra completely misses you. x2
The six-headed hydra bites you.
* * * LOW HITPOINT WARNING * * *
The six-headed hydra misses you.
The six-headed hydra closely misses you.
Unknown command.
Unknown command.
The six-headed hydra bites you but does no damage. x2
The six-headed hydra bites you.
* * * LOW HITPOINT WARNING * * *
The six-headed hydra bites you but does no damage.
The six-headed hydra closely misses you.
The six-headed hydra bites you.
* * * LOW HITPOINT WARNING * * *
You climb upwards.
There is a stone staircase leading down here.
Unknown command.
Unknown command.
Casting: Ignite Poison (safe; 1% risk of failure)
Confirm with . or Enter, or press ? or * to list all spells.
You begin to radiate toxic energy.
The six-headed hydra bites you!
* * * LOW HITPOINT WARNING * * *
The six-headed hydra bites you!
* * * LOW HITPOINT WARNING * * *
The six-headed hydra bites you.
* * * LOW HITPOINT WARNING * * *
The six-headed hydra closely misses you.
The six-headed hydra bites you.
* * * LOW HITPOINT WARNING * * *
The six-headed hydra bites you.
* * * LOW HITPOINT WARNING * * *
Unknown command.
Casting: Olgreb's Toxic Radiance (mildly dangerous; 1% risk of failure)
Confirm with . or Enter, or press ? or * to list all spells.
Aiming: Borgnjor's Vile Clutch (mildly dangerous; 1% risk of failure)
Press: ? - help, Shift-Dir - straight line, f - six-headed hydra
Aim: a six-headed hydra (severely wounded, 100% to hit)
Zombie hands grab the six-headed hydra.
Your toxic aura wanes.
The zombie hands constrict the six-headed hydra.
The six-headed hydra bites you!
* * * LOW HITPOINT WARNING * * *
The six-headed hydra bites you.
* * * LOW HITPOINT WARNING * * *
The six-headed hydra bites you!
You die...
Kikubaaqudgha rasps: "You have failed me!
Welcome... death!"

Skill      XL: |  1  2  3  4  5  6  7  8  9 10 11 12 13 |
---------------+----------------------------------------+-----
Fighting       | 1 2 3 4 5 7 8 |  8.4
Earth Magic    | 3 4 5 6 7 10 | 10.0
Spellcasting   | 3 4 5 6 7 |  7.5
Conjurations   | 1 2 |  2.0
Necromancy     | 1 3 5 6 8 9 |  9.1
Polearms       | 1 3 4 5 |  5.5
Evocations     | 2 3 4 |  4.5
Transmutations | 3 5 |  5.0
Fire Magic     | 2 5 |  5.0
Poison Magic   | 2 7 8 9 |  9.2
Ranged Weapons | |  0.1
Dodging        | |  1.7
Stealth        | |  1.4

Action                   |  1- 3 |  4- 6 |  7- 9 | 10-12 | 13-15 || total
-------------------------+-------+-------+-------+-------+-------++-------
Melee: Spear             |       |       |    17 |     9 |       ||    26
 Fire: Sling             |    26 |   109 |    60 |       |       ||   195
       Arbalest          |       |       |       |       |    14 ||    14
 Cast: Sandblast         |    31 |    72 |   186 |   255 |    23 ||   567
       Stone Arrow       |       |     1 |     4 |    23 |     4 ||    32
       Ignite Poison     |       |       |       |    23 |    15 ||    38
       Olgreb's Toxic Ra |       |       |       |    20 |    14 ||    34
       Sublimation of Bl |       |       |       |     2 |       ||     2
       Borgnjor's Vile C |       |       |       |       |     6 ||     6
  Use: Scroll            |       |    12 |    13 |     3 |       ||    28
       Potion            |       |       |       |       |     1 ||     1
Armor: Robe              |     4 |     9 |    38 |    86 |    13 ||   150
       Skin              |       |       |     1 |       |       ||     1
Dodge: Dodged            |    10 |    30 |   110 |   190 |    25 ||   365
       Repelled          |       |     1 |       |       |       ||     1

Levels and vault maps discovered:
D:1:      dpeg_arrival_fog, layout_basic, hex_medium,
          chequers_serial_rivers_small_a, minmay_cut_off
D:2:      layout_loops_cross, serial_forest, infiniplex_forest_end_3,
          infiniplex_forest_zigzag_1, infiniplex_forest_lined_4_way,
          infiniplex_forest_clump_small, infiniplex_forest_end_2,
          infiniplex_forest_end_2, infiniplex_forest_clump_diagonal,
          infiniplex_forest_end_3, ebering_ecumenical_altar_abandoned,
          minmay_misc_feat_room, grunt_decor_cap, nicolae_wormholes
D:3:      minmay_angry_zag, layout_rooms, nicolae_kikubaaqudgha_miasma_corner
D:4:      layout_basic, serial_shops, shop_fountains, kennysheep_nub
D:5:      layout_gridville, riverfiend_overflow_shadow_ancestor, enter_ossuary_3
D:6:      layout_loops_ring, gammafunk_temple_overflow_claw,
          minmay_temple_entry_proselytizer
D:7:      layout_cave_pools, grunt_decor_resistance,
          nicolae_elevator_lobby_asterisk
D:8:      layout_cave_pools, general_overflow_altar, lemuel_crystal_altar,
          lair_entry_dummy, serial_column_ruins, column_ruins_hut,
          column_ruins_open_medium, column_ruins_columns_straight,
          column_ruins_open_tiny, column_ruins_grid_4,
          column_ruins_columns_straight, column_ruins_corridor_straight,
          the_hattery, uniq_psyche
D:9:      layout_stronghold, lemuel_coloured_pillars_altar, enter_bailey_3,
          nicolae_stop_n_shop_1, uniq_pikel
D:10:     minmay_the_grid_triangle_9x9_rhombus_full
          [minmay_the_grid_triangle_9x9_zippers_vertical,
          minmay_the_grid_triangle_9x9_zippers_horizontal,
          minmay_the_grid_triangle_9x9_flanged_cone,
          minmay_the_grid_triangle_9x9_corrupted_corridor,
          minmay_the_grid_triangle_9x9_swiss_cheese,
          minmay_the_grid_triangle_9x9_odd_lines,
          minmay_the_grid_triangle_9x9_subtriangle,
          minmay_the_grid_triangle_9x9_prize_special], layout_rooms
D:11:     layout_rooms, hangedman_fish_farm
Lair:1:   layout_cave_pods, lemuel_fruit_tree, uniq_joseph, uniq_fannar
Lair:2:   layout_cave_pods, portal_ice_cave_demonic_guard, uniq_amaemon
Lair:3:   layout_chaotic_city, elwin_shoals_entry_rooms, spider_nest_entry_a,
          serial_bayou_shore_a
Lair:4:   layout_small_grid, uniq_nessos
Lair:5:   gammafunk_lair_ancient_temple, layout_gridlike, slime_entry_1,
          serial_bayou_pond_e

Notes
Turn   | Place    | Note
-------+----------+-------------------------------------------
     0 | D:1      | Sobieck the Ogre Earth Elementalist began the quest for the
                  | Orb.
     0 | D:1      | Reached XP level 1. HP: 16/16 MP: 3/3
    39 | D:1      | You add the spells Ignite Poison, Mephitic Cloud and
                  | Freezing Cloud to your library.
   498 | D:1      | Reached skill level 1 in Fighting
   613 | D:1      | Reached XP level 2. HP: 27/27 MP: 3/5
   763 | D:1      | Reached skill level 3 in Earth Magic
   921 | D:1      | Reached skill level 3 in Spellcasting
  1042 | D:1      | Reached XP level 3. HP: 35/35 MP: 4/7
  1114 | D:2      | Found a faded altar of an unknown god.
  1189 | D:2      | Reached skill level 2 in Fighting
  1315 | D:2      | Reached XP level 4. HP: 22/44 MP: 3/9
  2134 | D:2      | Reached skill level 3 in Fighting
  2164 | D:2      | Reached XP level 5. HP: 49/53 MP: 4/10
  2413 | D:2      | Learned a level 3 spell: Stone Arrow
  2512 | D:2      | Reached skill level 4 in Spellcasting
  2932 | D:3      | Found an ancient bone altar of Kikubaaqudgha.
  2949 | D:3      | Became a worshipper of Kikubaaqudgha
  3550 | D:4      | You pick up a book of Party Tricks and begin reading...
  3550 | D:4      | You add the spells Apportation and Alistair's Intoxication
                  | to your library.
  3692 | D:4      | Reached skill level 1 in Conjurations
  3747 | D:4      | Reached skill level 4 in Fighting
  3747 | D:4      | Reached skill level 4 in Earth Magic
  3747 | D:4      | Reached XP level 6. HP: 55/62 MP: 10/12
  3918 | D:4      | Reached skill level 2 in Conjurations
  4229 | D:4      | Reached * piety under Kikubaaqudgha
  4229 | D:4      | You add the spells Necrotise, Sublimation of Blood,
                  | Vampiric Draining and Anguish to your library.
  4229 | D:4      | Received a gift from Kikubaaqudgha
  4292 | D:4      | Noticed a steam dragon
  4306 | D:4      | Killed a steam dragon
  4306 | D:4      | HP: 11/62 [something (11)]
  4307 | D:4      | Reached skill level 1 in Necromancy
  4307 | D:4      | Reached skill level 5 in Earth Magic
  4307 | D:4      | Reached XP level 7. HP: 13/70 MP: 1/13
  4723 | D:4      | Found Duycugg's Weapon Shoppe.
  5216 | D:4      | You pick up a book of Minor Magic and begin reading...
  5216 | D:4      | You add the spells Magic Dart and Call Imp to your library.
  5655 | D:5      | Entered Level 5 of the Dungeon
  5666 | D:5      | Found a sand-covered staircase.
  5675 | Ossuary  | Entered an ossuary
  5675 | Ossuary  | Noticed a wraith
  5675 | Ossuary  | Noticed a wraith
  5675 | Ossuary  | Noticed a wraith
  5707 | Ossuary  | Reached skill level 2 in Necromancy
  5878 | Ossuary  | Noticed a wraith
  6431 | D:5      | Found a hazy altar of Hepliaklqana.
  6432 | D:5      | Found a shadowy altar of Dithmenos.
  6432 | D:5      | Noticed a shadow
  6466 | D:5      | Reached skill level 3 in Necromancy
  6466 | D:5      | Reached skill level 6 in Earth Magic
  6469 | D:5      | Learned a level 2 spell: Sublimation of Blood
  6508 | D:5      | Reached XP level 8. HP: 78/78 MP: 11/14
  6606 | D:5      | HP: 18/78 [orc/+3 dagger (2)]
  6609 | D:5      | HP: 4/78 [orc priest/divine providence (15)]
  7098 | D:5      | Reached skill level 4 in Necromancy
  7244 | D:5      | You pick up a book of Weapons and begin reading...
  7244 | D:5      | You add the spells Tukima's Dance, Portal Projectile and
                  | Blade Hands to your library.
  7746 | D:5      | Reached skill level 7 in Earth Magic
  7999 | D:6      | Found a glowing silver altar of Zin.
  7999 | D:6      | Found a burning altar of Makhleb.
  7999 | D:6      | Found a glowing golden altar of the Shining One.
  8014 | D:6      | Reached skill level 5 in Necromancy
  8082 | D:6      | Found a staircase to the Ecumenical Temple.
  8383 | D:6      | Reached XP level 9. HP: 84/84 MP: 10/15
  8611 | D:6      | Reached ** piety under Kikubaaqudgha
  8825 | D:7      | Reached skill level 6 in Necromancy
  8828 | D:7      | Reached skill level 8 in Earth Magic
  9446 | D:7      | Reached skill level 9 in Earth Magic
  9447 | D:7      | You pick up a book of the Moon and begin reading...
  9447 | D:7      | You add the spells Passage of Golubria, Silence and
                  | Lehudib's Crystal Spear to your library.
 10018 | D:8      | Noticed Psyche
 10169 | D:7      | Killed Psyche
 10170 | D:7      | Reached skill level 10 in Earth Magic
 10233 | D:8      | Found an ornate altar of the Wu Jian Council.
 10249 | D:8      | Reached skill level 1 in Polearms
 10249 | D:8      | Reached XP level 10. HP: 88/94 MP: 13/16
 10273 | D:7      | Reached skill level 1 in Evocations
 10521 | D:8      | Reached *** piety under Kikubaaqudgha
 10521 | D:8      | You add the spells Dispel Undead, Agony, Borgnjor's Vile
                  | Clutch, Death Channel and Simulacrum to your library.
 10521 | D:8      | Received a gift from Kikubaaqudgha
 10613 | D:8      | Identified the ring "Morgh" {rElec rPois rN+ rCorr Str-3}
 10729 | D:8      | Found a staircase to the Lair.
 10802 | D:7      | Reached skill level 5 in Fighting
 10802 | D:7      | Reached skill level 2 in Polearms
 10846 | D:8      | You pick up a book of Vapours and begin reading...
 10846 | D:8      | You add the spells Poisonous Vapours and Corpse Rot to your
                  | library.
 11190 | D:8      | Found a basalt altar of Yredelemnul.
 11354 | D:9      | Found Queckoc's General Store.
 11549 | D:9      | Reached skill level 5 in Spellcasting
 11564 | D:9      | Found a flagged portal.
 11580 | Bailey   | Entered a bailey
 11596 | Bailey   | Reached skill level 2 in Evocations
 12192 | Bailey   | Reached skill level 3 in Polearms
 12282 | D:9      | You add the spells Sting and Olgreb's Toxic Radiance to
                  | your library.
 12288 | D:9      | Learned a level 4 spell: Olgreb's Toxic Radiance
 12292 | D:9      | Learned a level 3 spell: Ignite Poison
 12385 | D:9      | Reached skill level 1 in Transmutations
 12386 | D:9      | Reached **** piety under Kikubaaqudgha
 12531 | D:9      | Reached skill level 1 in Fire Magic
 12531 | D:9      | Reached skill level 1 in Poison Magic
 12731 | D:9      | Found a hide-covered altar of Uskayaw.
 12783 | D:9      | Noticed a two-headed ogre
 12789 | D:9      | Killed a two-headed ogre
 12790 | D:9      | Reached skill level 2 in Transmutations
 12790 | D:9      | Reached skill level 2 in Fire Magic
 12790 | D:9      | Reached skill level 2 in Poison Magic
 13003 | D:9      | Noticed Pikel
 13011 | D:8      | Killed Pikel
 13094 | D:9      | Reached skill level 3 in Transmutations
 13094 | D:9      | Reached XP level 11. HP: 100/105 MP: 13/19
 13293 | D:10     | Entered Level 10 of the Dungeon
 13346 | D:10     | You fall into a shaft and drop 1 floor!
 13379 | D:11     | Noticed a tengu warrior
 13419 | D:10     | Reached skill level 3 in Fire Magic
 13419 | D:10     | Reached skill level 3 in Poison Magic
 13457 | D:10     | Noticed a two-headed ogre
 13465 | D:10     | Killed a two-headed ogre
 13662 | D:10     | Found a staircase to the Orcish Mines.
 13845 | D:10     | Reached skill level 4 in Transmutations
 13898 | D:10     | Found a runed translucent door.
 13900 | D:10     | Noticed a tengu warrior
 13918 | D:10     | Killed a tengu warrior
 13919 | D:10     | Reached skill level 4 in Fire Magic
 13919 | D:10     | Reached skill level 4 in Poison Magic
 14133 | D:10     | Noticed an eight-headed hydra
 14135 | D:10     | Noticed a cyclops
 14140 | D:10     | Killed an eight-headed hydra
 14141 | D:10     | Noticed a centaur warrior
 14147 | D:10     | Killed a cyclops
 14149 | D:10     | Killed a centaur warrior
 14157 | D:10     | Identified the ring of Impatience {Wiz *Slow rPois Str+6
                  | Stlth-}
 14157 | D:10     | Noticed an ogre mage
 14162 | D:10     | Killed an ogre mage
 14163 | D:10     | Reached skill level 5 in Transmutations
 14163 | D:10     | Reached skill level 5 in Fire Magic
 14163 | D:10     | Reached skill level 5 in Poison Magic
 14168 | D:10     | Identified the amulet of the Barnacle {Acrobat SInv}
 14168 | D:10     | Noticed a deep elf pyromancer
 14170 | D:10     | Identified the amulet of Edwip {Fragile rElec rC+ Regen+}
 14170 | D:10     | Noticed an orc knight
 14175 | D:10     | Killed an orc knight
 14411 | D:10     | Identified the amulet of Zumpom {Spirit *Corrode rC+ rN+
                  | Stlth+}
 14411 | D:10     | Noticed a centaur warrior
 14539 | Lair:1   | Entered Level 1 of the Lair of Beasts
 14539 | Lair:1   | Noticed Fannar
 14542 | Lair:1   | Killed Fannar
 14543 | Lair:1   | Reached skill level 6 in Poison Magic
 14909 | Lair:1   | Noticed a four-headed hydra
 14915 | Lair:1   | Killed a four-headed hydra
 14916 | Lair:1   | Reached skill level 7 in Poison Magic
 15073 | Lair:1   | Noticed Joseph
 15080 | Lair:1   | Killed Joseph
 15081 | Lair:1   | Reached XP level 12. HP: 91/113 MP: 3/20
 15398 | Lair:1   | Reached skill level 8 in Poison Magic
 15498 | Lair:1   | Reached skill level 6 in Fighting
 15790 | Lair:1   | You add the spells Conjure Flame and Sticky Flame to your
                  | library.
 15940 | Lair:2   | Reached skill level 7 in Necromancy
 16211 | Lair:2   | Reached skill level 3 in Evocations
 16430 | Lair:2   | Reached skill level 6 in Spellcasting
 16651 | Lair:2   | Noticed Amaemon
 16783 | Lair:2   | Reached skill level 4 in Polearms
 17036 | Lair:2   | Noticed a seven-headed hydra
 17045 | Lair:2   | HP: 25/115 [seven-headed hydra (8)]
 17045 | Lair:2   | HP: 10/115 [seven-headed hydra (12)]
 17046 | Lair:2   | Killed a seven-headed hydra
 17047 | Lair:2   | Reached skill level 7 in Fighting
 17480 | Lair:2   | Killed Amaemon
 18231 | Lair:2   | Learned a level 5 spell: Borgnjor's Vile Clutch
 18359 | Lair:2   | HP: 15/118 [ice devil (23)]
 18360 | Lair:2   | Reached skill level 8 in Necromancy
 18942 | Lair:3   | Reached XP level 13. HP: 115/126 MP: 12/23
 19154 | Lair:3   | Reached skill level 4 in Evocations
 19357 | Lair:3   | Found a staircase to the Shoals.
 19366 | Lair:3   | Reached skill level 7 in Spellcasting
 19527 | Lair:3   | Reached skill level 5 in Polearms
 19690 | Lair:3   | Reached skill level 8 in Fighting
 19690 | Lair:3   | Reached skill level 9 in Poison Magic
 19882 | Lair:3   | Found a hole to the Spider Nest.
 20643 | Lair:4   | Reached skill level 9 in Necromancy
 20844 | Lair:4   | You pick up a book of Maledictions and begin reading...
 20872 | Lair:4   | Noticed Nessos
 20887 | Lair:4   | Killed Nessos
 21210 | Lair:4   | Identified the +9 arbalest of Precise Incision {penet,
                  | Stlth+}
 21619 | Lair:5   | Entered Level 5 of the Lair of Beasts
 21883 | Lair:4   | HP: 32/128 [six-headed hydra (8)]
 21884 | Lair:4   | HP: 13/128 [six-headed hydra (8)]
 21884 | Lair:4   | Slain by a six-headed hydra

Vanquished Creatures
  Nessos (Lair:4)
  Fannar (Lair:1)
  A catoblepas (Lair:4)
  3 hydras
  2 two-headed ogres
  A tengu warrior (D:10)
  Amaemon (Lair:2)
  Pikel (D:8)
  Joseph (Lair:1)
  A merfolk siren (Lair:3)
  2 black mambas (Lair:1)
  9 elephants
  10 cane toads
  Psyche (D:7)
  An orange demon (Lair:2)
  3 rime drakes
  2 ice devils (Lair:2)
  3 komodo dragons
  15 blink frogs
  2 jumping spiders (Lair:3)
  A spriggan (D:8)
  2 wyverns
  A wraith (D:9)
  5 yaks
  2 basilisks
  A redback (Lair:3)
  3 steam dragons
  3 vampire mosquitoes (D:10)
  An acid dragon (D:9)
  5 water moccasins
  9 orc warriors
  3 ice beasts
  4 ogres
  A black bear (D:5)
  2 centaurs
  4 wolves (Lair:2)
  A phantom (D:5)
  3 kobold brigands
  2 gnoll sergeants
  2 elf zombies (Ossuary)
  2 necrophages
  A scorpion (D:5)
  13 bullfrogs
  8 wights
  10 killer bees
  4 howler monkeys
  An electric eel (Lair:3)
  A human zombie (Ossuary)
  3 hounds
  3 jellies
  6 orc priests
  An iguana (D:6)
  3 orc wizards
  3 mummies (Ossuary)
  20 gnolls
  3 adders
  A white imp (D:8)
  4 worms
  2 dart slugs (D:1)
  47 orcs
  5 ball pythons
  6 endoplasms
  5 giant cockroaches
  11 goblins
  10 hobgoblins
  4 quokkas
  7 bats
  4 frilled lizards
  2 goblin zombies (Ossuary)
  3 hobgoblin zombies (Ossuary)
  19 kobolds
  4 kobold zombies (Ossuary)
  3 orc zombies (Ossuary)
  4 rats
339 creatures vanquished.

Vanquished Creatures (collateral kills)
  An ogre mage (D:10)
  A centaur warrior (D:10)
  An orc knight (D:10)
  A cyclops (D:10)
  An orc priest (D:5)
5 creatures vanquished.

Vanquished Creatures (others)
  13 fungi
  36 plants
49 creatures vanquished.

Grand Total: 393 creatures vanquished

Table legend:
 A = Non-vault XP
 B = Vault XP
 C = Vault XP percentage of total XP
 D = Non-vault monster count
 E = Vault monster count
 F = Vault count percentage of total count
                 A         B        C        D         E       F
            +---------+---------+-------+---------+---------+-------
      Total |   28655 |   13833 |  32.6 |     258 |      86 |  25.0
            +---------+---------+-------+---------+---------+-------
        D:1 |      29 |       7 |  19.4 |      15 |       3 |  16.7
        D:2 |     162 |      15 |   8.5 |      32 |       3 |   8.6
        D:3 |      25 |       3 |  10.7 |      12 |       3 |  20.0
        D:4 |     495 |       0 |   0.0 |      19 |       0 |   0.0
        D:5 |    1018 |       0 |   0.0 |      18 |       0 |   0.0
        D:6 |     674 |      43 |   6.0 |      15 |       1 |   6.2
        D:7 |    1646 |     391 |  19.2 |      30 |       1 |   3.2
        D:8 |     568 |     937 |  62.3 |      16 |       3 |  15.8
        D:9 |    1959 |       8 |   0.4 |      25 |       4 |  13.8
       D:10 |     903 |    5692 |  86.3 |       6 |      10 |  62.5
     Lair:1 |    3688 |    1356 |  26.9 |      11 |       2 |  15.4
     Lair:2 |    7114 |    1809 |  20.3 |      25 |       4 |  13.8
     Lair:3 |    6492 |    1125 |  14.8 |      22 |       4 |  15.4
     Lair:4 |    3618 |    1056 |  22.6 |      11 |       1 |   8.3
     Lair:5 |     264 |       0 |   0.0 |       1 |       0 |   0.0
    Ossuary |       0 |     290 | 100.0 |       0 |      18 | 100.0
     Bailey |       0 |    1101 | 100.0 |       0 |      29 | 100.0
            +---------+---------+-------+---------+---------+-------

Illustrated notes

Table legend:
 A = Kills in this place as a percentage of kills in entire the game.
 B = Kills by you in this place as a percentage of kills by you in the entire game.
 C = Kills by friends in this place as a percentage of kills by friends in the entire game.
 D = Other kills in this place as a percentage of other kills in the entire game.
 E = Experience gained in this place as a percentage of experience gained in the entire game.
 F = Experience gained in this place divided by the number of levels of this place that you have seen.
                   A       B       C       D       E      F
               +-------+-------+-------+-------+-------+----------------------
         Total | 100.0 | 100.0 | 100.0 |   N/A | 100.0 | 2360.4
       Dungeon |  62.8 |  62.2 | 100.0 |   N/A |  34.3 | 1325.0
          Lair |  23.5 |  23.9 |   0.0 |   N/A |  62.4 | 5304.4
       Ossuary |   5.2 |   5.3 |   0.0 |   N/A |   0.7 | 290.0
        Bailey |   8.4 |   8.6 |   0.0 |   N/A |   2.6 | 1101.0
               +-------+-------+-------+-------+-------+----------------------

Table legend: (Time is in decaauts)
 A = Elapsed time spent in this place.
 B = Non-inter-level travel time spent in this place.
 C = Inter-level travel time spent in this place.
 D = Time resting spent in this place.
 E = Time spent auto-exploring this place.
 F = Levels seen in this place.
 G = Mean time per level.
                   A        B        C        D        E       F      G
               +--------+--------+--------+--------+--------+-----+--------+
         Total |  22302 |  21467 |    835 |   5788 |  12420 |  18 | 1239.0 |
       Dungeon |  13436 |  12729 |    707 |   2457 |   8301 |  11 | 1221.5 |
          Lair |   7432 |   7304 |    128 |   3052 |   3445 |   5 | 1486.4 |
       Ossuary |    728 |    728 |      0 |    147 |    292 |   1 |  728.0 |
        Bailey |    705 |    705 |      0 |    132 |    382 |   1 |  705.0 |
               +--------+--------+--------+--------+--------+-----+--------+

Top non-repeatable levels by time:
  Lair:2: 2351 daAuts
     D:4: 2287 daAuts
  Lair:1: 2092 daAuts
     D:2: 1603 daAuts
  Lair:4: 1595 daAuts
     D:1: 1378 daAuts
     D:6: 1371 daAuts
  Lair:3: 1371 daAuts
     D:7: 1291 daAuts
     D:5: 1233 daAuts
    D:10: 1191 daAuts
     D:9: 1132 daAuts
     D:8: 1006 daAuts
     D:3: 899 daAuts
 Ossuary: 728 daAuts
